 Dungeon Crawl Stone Soup version 0.24-a0-530-g18ba70b503 (webtiles) character file.

Game seed: 10284149334684282293

202 DasRunzen the Skirmisher (level 5, -3/42 HPs)
             Began as a Demonspawn Fighter on Aug 7, 2019.
             Killed from afar by an orc wizard (6 damage)
             ... with a puff of flame
             ... on level 3 of the Dungeon.
             The game lasted 00:02:44 (2146 turns).

DasRunzen the Skirmisher (Demonspawn Fighter)       Turns: 2146, Time: 00:02:45

Health: -3/42      AC: 13    Str: 17    XL:     5   Next: 50%
Magic:  5/5        EV:  2    Int: 10    God:
Gold:   174        SH:  9    Dex: 12    Spells: 4/4 levels left

rFire    . . .     SeeInvis .   a - +2 war axe
rCold    . . .     Gourm    .   c - +0 shield
rNeg     . . .     Faith    .   q - +0 plate armour
rPois    .         Spirit   .   (helmet restricted)
rElec    .         Reflect  .   (no cloak)
rCorr    .         Harm     .   n - +0 pair of gloves
MR       .....                  e - +0 pair of boots
Stlth    ..........             (no amulet)
HPRegen  0.14/turn              (no ring)
MPRegen  0.09/turn              (no ring)

@: no status effects
A: antennae 1, talons 1, rot immunity
a: no special abilities


You were on level 3 of the Dungeon.
You were not hungry.

You visited 1 branch of the dungeon, and saw 3 of its levels.

You collected 174 gold pieces.

Inventory:

Hand Weapons
 a - a +2 war axe (weapon)
Armour
 c - a +0 shield (worn)
 e - a +0 pair of boots (worn)
 n - a +0 pair of gloves (worn)
 q - a +0 plate armour (worn)
Jewellery
 r - an uncursed ring of magical power {unknown}
Wands
 k - a wand of flame (17)
Scrolls
 g - a scroll of remove curse
 h - 7 scrolls of identify
 p - 2 scrolls of teleportation
 u - a scroll of magic mapping
Potions
 d - a potion of might
 i - a potion of heal wounds {unknown}
 j - a potion of cancellation {unknown}
 l - 2 potions of haste
 m - 2 potions of curing {unknown}
 o - a potion of flight {unknown}
 s - 3 potions of brilliance {unknown}
 t - a potion of invisibility {unknown}
Comestibles
 f - 3 rations


   Skills:
 + Level 4.1 Fighting
 + Level 3.0 Axes
 + Level 3.6 Armour
 + Level 3.6 Shields


You had 4 spell levels left.
You didn't know any spells.
Your spell library was empty.

Dungeon Overview and Level Annotations

Branches:
Dungeon (3/15)

Altars:
Gozag


Innate Abilities, Weirdness & Mutations

You have a pair of small antennae on your head.
You have sharp toenails.
You are immune to rotting.


Message History

You're too confused to move!
Something hits you but does no damage.
You miss something.
Something hits you but does no damage. x2
You completely miss something.
You feel less confused. Something hits you but does no damage.
Your shield and plate armour prevent you from hitting something.
Something hits you but does no damage. x2
You completely miss something.
You hear some strange, mumbled words.
A puff of flame appears from out of thin air!
The puff of flame hits you.
* * * LOW HITPOINT WARNING * * *
You miss something. Something completely misses you.
Something hits you but does no damage.
You miss something. Something hits you but does no damage.
You closely miss something. Something hits you but does no damage.
You hear some strange, mumbled words.
A puff of flame appears from out of thin air!
The puff of flame hits you.
You die...

##.......##
###.........#
.'.........+
#..>......#
#.......# #.....#
#){)# #@# #.# #.#
##.## ##...##
#.....# ##...##
##.#.########
#####.###........


There were no monsters in sight!

Vanquished Creatures
  An orc priest (D:3)
  Natasha (twice) (D:2)
  Terence (D:2)
  5 adders (D:2)
  An ooze (D:2)
  2 dart slugs
  A leopard gecko (D:2)
  3 orcs (D:3)
  4 bats
  4 giant cockroaches
  3 goblins
  5 hobgoblins
  2 quokkas (D:2)
  A frilled lizard (D:2)
  4 kobolds
  4 rats
43 creatures vanquished.

Vanquished Creatures (others)
  5 toadstools (D:1)
5 creatures vanquished.

Grand Total: 48 creatures vanquished

Notes
Turn   | Place    | Note
-------+----------+-------------------------------------------
     0 | D:1      | DasRunzen the Demonspawn Fighter began the quest for the
                  | Orb.
     0 | D:1      | Reached XP level 1. HP: 18/18 MP: 1/1
   262 | D:1      | Gained mutation: You have sharp toenails. [demonic
                  | ancestry]
   262 | D:1      | Reached XP level 2. HP: 24/24 MP: 2/2
   614 | D:2      | Noticed Terence
   622 | D:2      | Reached XP level 3. HP: 18/29 MP: 3/3
   629 | D:2      | Killed Terence
   976 | D:2      | Found an opulent altar of Gozag.
  1050 | D:2      | Noticed Natasha
  1056 | D:2      | Gained mutation: You are immune to rotting. [demonic
                  | ancestry]
  1056 | D:2      | Reached XP level 4. HP: 22/35 MP: 4/4
  1058 | D:2      | HP: 1/35 [shadow imp/nerve-wracking pain[Natasha] (3)]
  1059 | D:2      | Killed Natasha
  1674 | D:2      | Noticed Natasha
  1681 | D:2      | Killed Natasha
  1681 | D:2      | Gained mutation: You have a pair of small antennae on your
                  | head. [demonic ancestry]
  1681 | D:2      | Reached XP level 5. HP: 25/42 MP: 5/5
  2063 | D:3      | Reached skill level 4 in Fighting
  2143 | D:3      | HP: 2/42 [something/puff of flame (2)]
  2146 | D:3      | Killed from afar by an orc wizard

Levels and vault maps discovered:
D:1:      ldierk_walled_garden, layout_basic
D:2:      layout_rooms, nicolae_overflow_crystal_walls, minmay_crystal_water,
          nrook_mini_backslash, uniq_natasha, uniq_terence
D:3:      layout_loops_corners, uniq_crazy_yiuf_cottage

Skill      XL: |  1  2  3  4  5 |
---------------+----------------+-----
Axes           | 2 3 |  3.0
Armour         | 3 |  3.6
Shields        | 3 |  3.6
Fighting       | 4 |  4.1

Action                   |  1- 3 |  4- 6 || total
-------------------------+-------+-------++-------
Melee: War axe           |    58 |    67 ||   125
       Kick              |     3 |       ||     3
  Use: Scroll            |     8 |       ||     8
  Eat: Chunk             |       |     4 ||     4
Armor: Scale mail        |    39 |    20 ||    59
       Plate armour      |       |    36 ||    36
Dodge: Dodged            |    28 |    10 ||    38
Block: Shield            |    40 |    30 ||    70

Table legend:
 A = Non-vault XP
 B = Vault XP
 C = Vault XP percentage of total XP
 D = Non-vault monster count
 E = Vault monster count
 F = Vault count percentage of total count
                 A         B        C        D         E       F
            +---------+---------+-------+---------+---------+-------
      Total |     217 |      72 |  24.9 |      41 |       2 |   4.7
            +---------+---------+-------+---------+---------+-------
        D:1 |      17 |       0 |   0.0 |      10 |       0 |   0.0
        D:2 |     131 |      72 |  35.5 |      18 |       2 |  10.0
        D:3 |      69 |       0 |   0.0 |      13 |       0 |   0.0
            +---------+---------+-------+---------+---------+-------
